 Dungeon Sprint DCSS version 0.24.0-123-gd5b16e6ec5 (webtiles) character file.

Game seed: 14344476776386591801, levelgen mode: deterministic

42613 McKennaii the Cloud Mage (level 13, -2/119 HPs)
             Began as a Black Draconian Air Elementalist on Jan 13, 2020.
             Was the Champion of Vehumet.
             Slain by a stone giant (20 damage)
             ... in the Dungeon (Sprint IX: "|||||||||||||||||||||||||||||").
             The game lasted 00:41:41 (4976 turns).

McKennaii the Cloud Mage (DrAE)                     Turns: 4976, Time: 00:41:41

Health: -2/119     AC: 18    Str: 12    XL:     13   Next: 86%
Magic:  6/35       EV: 12    Int: 28    God:    Vehumet [******]
Gold:   819        SH:  0    Dex: 15    Spells: 4/48 levels left

rFire    x . .     SeeInvis .   o - +3 triple sword of Wyocvekh {slice, rF- Int+6} (curse)
rCold    . . .     Gourm    .   (shield currently unavailable)
rNeg     . . .     Faith    .   (armour unavailable)
rPois    .         Spirit   .   w - +2 hat {MR+}
rElec    +         Reflect  .   G - +1 cloak
rCorr    .         Harm     .   z - +2 pair of gloves {Dex+3}
MR       ++...     NoTele   +   y - +2 pair of boots
Stlth    ++........             (no amulet)
HPRegen  0.29/turn              F - ring of protection from magic
MPRegen  0.24/turn              n - +3 ring of intelligence

@: no status effects
A: breathe lightning, unfitting armour, electricity resistance, cold-blooded, AC
+8
a: Breathe Lightning, Renounce Religion


You were in the Dungeon.
You worshipped Vehumet.
Vehumet was exalted by your worship.
You were hungry.

You visited 1 branch You collected 1920 gold pieces.
You spent 1101 gold pieces at shops.

Inventory:

Hand Weapons
 m - a +2 scimitar of holy wrath
 o - the cursed +3 triple sword of Wyocvekh (weapon) {slice, rF- Int+6}
   (You found it in the Dungeon)

   It inflicts extra damage upon your enemies.
   It affects your intelligence (+6).
   It makes you vulnerable to fire.
   It has a curse placed upon it.
Armour
 w - a +2 hat of magic resistance (worn)
 y - a +2 pair of boots (worn)
 z - a +2 pair of gloves of dexterity (worn)
 G - a +1 cloak (worn)
Magical Staves
 k - an uncursed staff of energy
Jewellery
 n - a +3 ring of intelligence (right hand)
 x - an uncursed ring of see invisible
 D - an uncursed ring of ice
 E - an uncursed ring of fire
 F - a ring of protection from magic (left hand)
Wands
 j - a wand of iceblast (5)
Scrolls
 g - 3 scrolls of remove curse
 h - a scroll of blinking
 i - 2 scrolls of amnesia
 l - a scroll of random uselessness {unknown}
 p - a scroll of magic mapping
 s - 2 scrolls of fear
 t - 8 scrolls of enchant weapon
 u - 5 scrolls of enchant armour
 C - 2 scrolls of identify {unknown}
Potions
 a - a potion of invisibility
 c - 7 potions of curing
 d - 5 potions of heal wounds
 e - 3 potions of haste
 f - 4 potions of magic
 q - a potion of brilliance
 v - a potion of might
 A - a potion of degeneration {unknown}
 B - 2 potions of ambrosia {unknown}
 H - a potion of agility
Miscellaneous
 r - a crystal ball of energy
Comestibles
 b - 10 rations
 I - 5 chunks of flesh


   Skills:
 * Level 12.6 Fighting
 - Level 1.7 Dodging
 - Level 1.7 Stealth
 - Level 2.8 Unarmed Combat
 + Level 18.4 Spellcasting
 + Level 18.3 Conjurations
 + Level 2.3 Charms
 * Level 9.0 Summonings
 + Level 4.8 Translocations
 * Level 9.0 Ice Magic
 + Level 21.1 Air Magic
 + Level 2.4 Evocations


You had 4 spell levels left.
You knew the following spells:

 Your Spells              Type           Power        Failure   Level  Hunger
a - Shock                 Conj/Air       ####         0%          1    None
b - Swiftness             Chrm/Air       ######..     1%          2    None
c - Lightning Bolt        Conj/Air       #######...   0%          5    None
d - Searing Ray           Conj           ######       0%          2    None
e - Force Lance           Conj/Tloc      ######..     1%          4    None
f - Conjure Ball Lightni  Conj/Air       #######...   1%          6    ##.....
g - Freezing Cloud        Conj/Ice/Air   #######...   1%          6    ##.....
h - Ozocubu's Armour      Chrm/Ice       ######..     1%          3    None
i - Spellforged Servitor  Conj/Summ      #######...   1%          7    ####...
j - Chain Lightning       Conj/Air       #######...   1%          8    ######.

Your spell library contained the following spells:

 Spells                   Type           Power        Failure   Level  Hunger
 Ignition                 Fire           ####......   100%        8    ######.
 Shatter                  Erth           ####......   100%        9    #######
 Throw Frost              Conj/Ice       ######       0%          2    None
 Static Discharge         Conj/Air       #######.     0%          3    None
 Airstrike                Air            #######...   0%          4    None
 Freeze                   Ice            ####         1%          1    None
 Summon Ice Beast         Ice/Summ       ######..     1%          4    None
 Throw Icicle             Conj/Ice       #######.     1%          4    None


Dungeon Overview and Level Annotations

Branches:
Dungeon (1/1)

Altars:
Cheibriados
Dithmenos
Elyvilon
Fedhas
Gozag
Hepliaklqana
Kikubaaqudgha
Makhleb
Nemelex Xobeh
Okawaru
Qazlal
Ru
Sif Muna
Trog
Uskayaw
Vehumet
Wu Jian
Xom
Yredelemnul
Zin
The Shining One
Beogh
Jiyva
Lugonu

Shops:
D *[:%


Innate Abilities, Weirdness & Mutations

You can breathe wild blasts of lightning.
Your glossy black scales are hard. (AC +8)
You cannot fit into any form of body armour.
You are resistant to electric shocks. (rElec)
You are cold-blooded and may be slowed by cold attacks.


Message History

Really wield
o - the cursed +3 triple sword of Wyocvekh {slice, rF- Int+6}? [Y]es or [N]o only, please.
Really wield
o - the cursed +3 triple sword of Wyocvekh {slice, rF- Int+6}?
Okay, then.
You have got your breath back.
Really wield
o - the cursed +3 triple sword of Wyocvekh {slice, rF- Int+6}? [Y]es or [N]o only, please.
Really wield
o - the cursed +3 triple sword of Wyocvekh {slice, rF- Int+6}?
You feel clever. It sticks to your hand!
o - the cursed +3 triple sword of Wyocvekh (weapon)
{slice, rF- Int+6} You hit the stone giant.
The stone giant is moderately wounded.
The stone giant hits you!!! The stone giant hits you!!
* * * LOW HITPOINT WARNING * * *
Unknown command.
You slash the stone giant!
The stone giant is moderately wounded.
The stone giant hits you!!
You die...

.▓.▓.▓.▓.▓.▓.▓.▓.▓
.▓)▓.▓∩▓.▓.▓.▓.▓.▓
.▓)▓.▓.▓.▓.▓.▓)▓.▓
.▓.▓.▓∩▓.▓.▓.▓)▓.▓
.▓.▓.▓[▓.▓.▓.▓.▓.▓
.▓.▓.▓∩▓.▓.▓.▓.▓.▓
.▓.▓.▓.▓.▓(▓.▓.▓.▓
.▓.▓.▓∩▓(▓)▓.▓)▓.▓
.▓÷▓.▓.▓.▓.▓.▓'▓@▓
.▓.▓.▓[▓)▓)▓.▓.▓C▓
.▓.▓.▓[▓.▓.▓.▓.▓.▓
.▓÷▓.▓[▓.▓÷▓.▓.▓.▓
.▓÷▓.▓)▓.▓.▓.▓.▓.▓
.▓.▓.▓[▓.▓(▓.▓†▓.▓
.▓.▓.▓.▓.▓)▓.▓.▓.▓
.▓.▓.▓.▓.▓.▓.▓†▓.▓
.▓.▓.▓.▓.▓)▓.▓.▓.▓


You could see a stone giant.

Vanquished Creatures
  Gastronok (D)
  A storm dragon (D)
  2 stone giants (D)
  A very ugly thing (D)
  Nessos (D)
  A merfolk javelineer (D)
  An ettin (D)
  A fire dragon (D)
  A rakshasa (D)
  An ice dragon (D)
  2 naga warriors (D)
  2 hydras (D)
  2 centaur warriors (D)
  Erica (D)
  An anaconda (D)
  2 catoblepae (D)
  2 ogre magi (D)
  A satyr (D)
  5 death yaks (D)
  A naga sharpshooter (D)
  A deep troll earth mage (D)
  Sonja (D)
  A spriggan (D)
  4 deep trolls (D)
  An iron troll (D)
  A wizard (D)
  An orb spider (shapeshifter) (D)
  An orb spider (D)
  An orc sorcerer (D)
  A deep elf mage (D)
  A manticore (D)
  2 wolf spiders (D)
  A cyclops (D)
  A black mamba (D)
  A spiny frog (D)
  5 naga magi (D)
  2 yaktaurs (D)
  2 jumping spiders (D)
  A polar bear (D)
  4 hornets (D)
  A merfolk (D)
  6 trolls (D)
  A slime creature (D)
  2 bog bodies (D)
  3 hippogriffs (D)
  A wraith (D)
  A shadow (D)
  Eustachio (D)
  A redback (D)
  A vampire (D)
  3 yaks (D)
  4 water moccasins (D)
  5 porcupines (D)
  3 swamp drakes (D)
  A phantom (D)
  14 orc warriors (D)
  A necrophage (D)
  3 centaurs (D)
  3 crocodiles (D)
  2 bullfrogs (D)
  A killer bee (D)
  A wight (D)
  A hound (D)
  6 orc priests (D)
  2 orc wizards (D)
  2 worker ants (D)
  A shadow imp (D)
  5 orcs (D)
  A ball python (D)
  A bat (D)
  A hobgoblin (D)
  A kobold (D)
  A frilled lizard (D)
  A jackal skeleton (D)
  A rat (D)
146 creatures vanquished.

Vanquished Creatures (collateral kills)
  A sphinx (D)
  A fire dragon (D)
  Urug (D)
  An adder simulacrum (D)
4 creatures vanquished.

Vanquished Creatures (others)
  40 ball lightnings (D)
40 creatures vanquished.

Grand Total: 190 creatures vanquished

Notes
Turn   | Place    | Note
-------+----------+-------------------------------------------
     0 | D        | McKennaii the Draconian Air Elementalist began the quest
                  | for the Orb.
     0 | D        | Reached XP level 1. HP: 14/14 MP: 3/3
    49 | D        | Noticed a phantom
    49 | D        | Noticed a worker ant
    49 | D        | Noticed a worker ant
    49 | D        | Noticed an orc wizard
    56 | D        | Killed an orc wizard
    56 | D        | Reached XP level 2. HP: 15/20 MP: 0/7
    56 | D        | Reached XP level 3. HP: 20/26 MP: 0/8
    58 | D        | Reached skill level 1 in Unarmed Combat
    58 | D        | Reached skill level 5 in Conjurations
    63 | D        | Reached skill level 5 in Spellcasting
    63 | D        | Reached XP level 4. HP: 18/33 MP: 1/11
    91 | D        | Killed a phantom
    91 | D        | Reached skill level 1 in Fighting
    91 | D        | Reached XP level 5. HP: 11/40 MP: 0/14
   317 | D        | Learned a level 2 spell: Swiftness
   323 | D        | Learned a level 5 spell: Lightning Bolt
   323 | D        | Found a roughly hewn altar of Beogh.
   323 | D        | Found a snail-covered altar of Cheibriados.
   323 | D        | Found a shadowy altar of Dithmenos.
   323 | D        | Found a white marble altar of Elyvilon.
   323 | D        | Found a blossoming altar of Fedhas.
   323 | D        | Found an opulent altar of Gozag.
   324 | D        | Found a hazy altar of Hepliaklqana.
   325 | D        | Found a viscous altar of Jiyva.
   326 | D        | Found an ancient bone altar of Kikubaaqudgha.
   327 | D        | Found a corrupted altar of Lugonu.
   328 | D        | Found a burning altar of Makhleb.
   329 | D        | Found a sparkling altar of Nemelex Xobeh.
   330 | D        | Found an iron altar of Okawaru.
   331 | D        | Found a stormy altar of Qazlal.
   332 | D        | Found a sacrificial altar of Ru.
   333 | D        | Found a shimmering blue altar of Sif Muna.
   334 | D        | Found a bloodstained altar of Trog.
   335 | D        | Found a hide-covered altar of Uskayaw.
   336 | D        | Found a radiant altar of Vehumet.
   337 | D        | Found an ornate altar of the Wu Jian Council.
   338 | D        | Found a shimmering altar of Xom.
   339 | D        | Found a basalt altar of Yredelemnul.
   340 | D        | Found a glowing silver altar of Zin.
   341 | D        | Found a glowing golden altar of the Shining One.
   344 | D        | Became a worshipper of Vehumet
   389 | D        | Noticed a hippogriff
   389 | D        | Noticed a necrophage
   389 | D        | Noticed a centaur
   394 | D        | Killed a centaur
   394 | D        | Reached * piety under Vehumet
   394 | D        | Offered knowledge of Magic Dart by Vehumet.
   394 | D        | Reached XP level 6. HP: 22/50 MP: 10/17
   398 | D        | Killed a hippogriff
   398 | D        | Reached skill level 10 in Conjurations
   398 | D        | Your scales start taking on a glossy black colour.
   398 | D        | Reached XP level 7. HP: 26/57 MP: 8/20
   398 | D        | Gained mutation: You are resistant to electric shocks.
                  | (rElec) [Black Draconian growth]
   400 | D        | Reached ** piety under Vehumet
   400 | D        | Reached skill level 5 in Air Magic
   561 | D        | Noticed an orb spider
   563 | D        | Offered knowledge of Searing Ray by Vehumet.
   567 | D        | Reached skill level 10 in Spellcasting
   567 | D        | Reached skill level 6 in Air Magic
   567 | D        | Reached skill level 7 in Air Magic
   568 | D        | Reached *** piety under Vehumet
   568 | D        | Reached skill level 8 in Air Magic
   570 | D        | Killed an orb spider
   570 | D        | Reached skill level 10 in Air Magic
   570 | D        | Reached XP level 8. HP: 66/66 MP: 6/23
   772 | D        | Learned a level 2 spell: Searing Ray
   772 | D        | Noticed a four-headed hydra
   776 | D        | Offered knowledge of Ignite Poison by Vehumet.
   778 | D        | Reached **** piety under Vehumet
   779 | D        | Killed a four-headed hydra
   779 | D        | Reached skill level 12 in Air Magic
   779 | D        | Reached XP level 9. HP: 49/71 MP: 9/25
   784 | D        | Reached ***** piety under Vehumet
   784 | D        | Reached skill level 13 in Air Magic
  1050 | D        | Noticed a black mamba
  1051 | D        | Offered knowledge of Force Lance by Vehumet.
  1052 | D        | Killed a black mamba
  1052 | D        | Reached skill level 14 in Air Magic
  1052 | D        | Noticed a catoblepas
  1053 | D        | Noticed a polar bear
  1070 | D        | Killed a catoblepas
  1070 | D        | Reached ****** piety under Vehumet
  1070 | D        | Reached XP level 10. HP: 52/80 MP: 19/27
  1076 | D        | Learned a level 4 spell: Force Lance
  1190 | D        | Noticed a death yak
  1190 | D        | Noticed a catoblepas
  1190 | D        | Noticed a death yak
  1190 | D        | Noticed a death yak
  1190 | D        | Noticed a death yak
  1192 | D        | Noticed a death yak
  1193 | D        | Killed a death yak
  1193 | D        | Offered knowledge of Sticky Flame by Vehumet.
  1193 | D        | Reached skill level 5 in Fighting
  1193 | D        | Reached skill level 15 in Air Magic
  1193 | D        | Killed a death yak
  1194 | D        | Killed a death yak
  1195 | D        | Killed a death yak
  1195 | D        | Reached skill level 16 in Air Magic
  1203 | D        | Killed a death yak
  1214 | D        | Killed a catoblepas
  1214 | D        | Reached XP level 11. HP: 11/89 MP: 11/29
  1600 | D        | Noticed Gastronok
  1612 | D        | Killed Gastronok
  1612 | D        | Offered knowledge of Conjure Ball Lightning by Vehumet.
  1612 | D        | Reached skill level 15 in Spellcasting
  1612 | D        | Reached skill level 15 in Conjurations
  1612 | D        | Reached skill level 17 in Air Magic
  1620 | D        | Learned a level 6 spell: Conjure Ball Lightning
  1788 | D        | Offered knowledge of Irradiate by Vehumet.
  1939 | D        | Noticed an orc sorcerer
  1940 | D        | Killed an orc sorcerer
  1940 | D        | Reached skill level 1 in Evocations
  1942 | D        | Offered knowledge of Orb of Destruction by Vehumet.
  2122 | D        | Found Dizuast's Food Boutique.
  2122 | D        | Noticed an ogre mage
  2122 | D        | Noticed an ogre mage
  2124 | D        | Killed an ogre mage
  2124 | D        | Reached skill level 1 in Translocations
  2124 | D        | Noticed a deep troll
  2125 | D        | Killed an ogre mage
  2125 | D        | Reached skill level 18 in Air Magic
  2128 | D        | Killed a deep troll
  2128 | D        | Offered knowledge of Freezing Cloud by Vehumet.
  2129 | D        | Noticed a deep troll
  2136 | D        | Killed a deep troll
  2142 | D        | Noticed an iron troll
  2147 | D        | Killed an iron troll
  2147 | D        | Reached XP level 12. HP: 101/101 MP: 16/32
  2177 | D        | Found Gafoji's Book Shop.
  2181 | D        | Found Ylian's Antique Armour Boutique.
  2185 | D        | Found Ajozidiz's Assorted Antiques.
  2194 | D        | Bought a pair of embroidered boots for 187 gold pieces
  2194 | D        | Bought a pair of runed gloves for 187 gold pieces
  2215 | D        | Bought a scroll labeled ROLAET QASTO for 18 gold pieces
  2215 | D        | Bought a coppery potion for 16 gold pieces
  2215 | D        | Bought 2 fizzy orange potions for 32 gold pieces
  2215 | D        | Bought a scroll labeled WINYEM ATI REST for 18 gold pieces
  2215 | D        | Bought a scroll labeled WINYEM ATI REST for 18 gold pieces
  2215 | D        | Bought a scroll of blinking for 135 gold pieces
  2242 | D        | Bought a book of Frost for 490 gold pieces
  2249 | D        | Learned a level 6 spell: Freezing Cloud
  2313 | D        | Noticed Sonja
  2318 | D        | Killed Sonja
  2318 | D        | Reached skill level 1 in Ice Magic
  2321 | D        | Noticed Eustachio
  2326 | D        | Killed Eustachio
  2326 | D        | Offered knowledge of Spellforged Servitor by Vehumet.
  2335 | D        | Learned a level 3 spell: Ozocubu's Armour
  2343 | D        | Learned a level 7 spell: Spellforged Servitor
  2436 | D        | Got the cursed +3 triple sword of Wyocvekh {slice, rF-
                  | Int+6}
  2488 | D        | Reached skill level 1 in Summonings
  2491 | D        | Noticed a centaur warrior
  2497 | D        | Killed a centaur warrior
  2497 | D        | Offered knowledge of Ozocubu's Refrigeration by Vehumet.
  2513 | D        | Noticed a fire dragon
  2525 | D        | Killed a fire dragon
  2536 | D        | Noticed a stone giant
  2543 | D        | Noticed a sphinx
  2547 | D        | Killed a stone giant
  2547 | D        | Reached skill level 19 in Air Magic
  2548 | D        | Killed a sphinx
  2564 | D        | Noticed a rakshasa
  2568 | D        | Killed a rakshasa
  2571 | D        | Noticed a deep troll earth mage
  2579 | D        | Killed a deep troll earth mage
  2673 | D        | Noticed a centaur warrior
  2677 | D        | Killed a centaur warrior
  2677 | D        | Offered knowledge of Bolt of Cold by Vehumet.
  2901 | D        | Noticed Nessos
  2914 | D        | Killed Nessos
  2914 | D        | Reached skill level 10 in Fighting
  2914 | D        | Reached skill level 5 in Ice Magic
  3286 | D        | Noticed Urug
  3298 | D        | Killed Urug
  3487 | D        | Noticed an eight-headed hydra
  3488 | D        | Reached skill level 5 in Summonings
  3490 | D        | Offered knowledge of Shatter by Vehumet.
  3490 | D        | Offered knowledge of Chain Lightning by Vehumet.
  3490 | D        | Offered knowledge of Ignition by Vehumet.
  3490 | D        | Killed an eight-headed hydra
  3492 | D        | Reached XP level 13. HP: 85/114 MP: 22/34
  3496 | D        | Reached skill level 1 in Charms
  3506 | D        | Learned a level 8 spell: Chain Lightning
  3623 | D        | Reached skill level 20 in Air Magic
  4368 | D        | Noticed a merfolk javelineer
  4372 | D        | Killed a merfolk javelineer
  4512 | D        | Noticed Erica
  4515 | D        | Killed Erica
  4604 | D        | Noticed a brown very ugly thing
  4604 | D        | Noticed an ettin
  4604 | D        | Noticed a fire dragon
  4604 | D        | Noticed a stone giant
  4606 | D        | Killed a stone giant
  4607 | D        | Noticed a storm dragon
  4608 | D        | Killed a fire dragon
  4610 | D        | Killed an ettin
  4610 | D        | Killed a brown very ugly thing
  4610 | D        | Reached skill level 21 in Air Magic
  4711 | D        | Killed a storm dragon
  4950 | D        | Noticed a stone giant
  4976 | D        | Slain by a stone giant

Levels and vault maps discovered:
D:        linesprint [early_d, line_temple, items_1, d_10, items_2, lair_1,
          lair_end, items_3, orc_1, orc_end, items_4, d_15, swamp_1, shoals_1,
          snake_1, spider_1, d_20, vaults_1, items_5, swamp_end, shoals_end,
          snake_end, spider_end, vaults_end, d_27, items_6, zot_1, zot_end,
          crypt_end, forest_end, elf_end, slime_end, tomb_end, abyss_end,
          pan_hell_end]

Skill      XL: |  1  2  3  4  5  6  7  8  9 10 11 12 13 |
---------------+----------------------------------------+-----
Conjurations   | 4 6 7 9 10 11 12 14 16 17 18 | 18.3
Spellcasting   | 4 5 6 8 9 11 12 13 14 16 17 18 | 18.4
Unarmed Combat | 1 2 |  2.8
Fighting       | 1 2 3 4 5 7 10 12 | 12.6
Air Magic      | 10 12 14 16 18 19 21 | 21.1
Evocations     | 2 |  2.4
Translocations | 4 |  4.8
Ice Magic      | 5 9 |  9.0
Summonings     | 5 9 |  9.0
Charms         | 2 |  2.3
Dodging        | |  1.7
Stealth        | |  1.7

Action                   |  1- 3 |  4- 6 |  7- 9 | 10-12 | 13-15 || total
-------------------------+-------+-------+-------+-------+-------++-------
Melee: Unarmed           |    14 |    11 |       |       |       ||    25
       Tailslap          |     1 |     1 |     1 |     2 |     1 ||     6
       Staff             |       |       |     7 |    12 |     3 ||    22
       Punch             |       |       |       |     1 |       ||     1
       Triple sword      |       |       |       |       |     2 ||     2
 Cast: Shock             |     7 |    12 |    14 |    35 |     3 ||    71
       Lightning Bolt    |       |       |    12 |    60 |    31 ||   103
       Searing Ray       |       |       |     1 |       |       ||     1
       Conjure Ball Ligh |       |       |       |    15 |       ||    15
       Spellforged Servi |       |       |       |     2 |     5 ||     7
       Ozocubu's Armour  |       |       |       |     2 |     3 ||     5
       Chain Lightning   |       |       |       |       |    14 ||    14
       Force Lance       |       |       |       |       |     1 ||     1
 Abil: Breathe Lightning |       |       |     1 |     3 |     6 ||    10
Evoke: Wand              |       |       |       |     3 |     2 ||     5
       Staff of energy   |       |       |       |     1 |       ||     1
  Use: Potion            |     1 |     1 |       |       |     2 ||     4
       Scroll            |       |       |       |     3 |       ||     3
  Eat: Chunk             |       |       |       |     7 |     3 ||    10
       Ration            |       |       |       |     1 |       ||     1
Armor: Skin              |     3 |     4 |    11 |    17 |    13 ||    48
Dodge: Dodged            |     9 |     8 |    16 |    29 |     7 ||    69
